 Dungeon Crawl Stone Soup version 0.22-a0-398-g8bb545f (webtiles) character file.

11 ololoev the Magician (level 2, -1/17 HPs)
             Began as a Halfling Wizard on May 4, 2018.
             Slain by a leopard gecko (3 damage)
             ... on level 1 of the Dungeon.
             The game lasted 00:02:01 (576 turns).

ololoev the Magician (Halfling Wizard)               Turns: 576, Time: 00:02:02

Health: -1/17      AC:  2    Str:  8    XL:     2   Next: 40%
Magic:  0/5        EV: 14    Int: 16    God:
Gold:   3          SH:  0    Dex: 12    Spells: 1/6 levels left

rFire    . . .     SeeInvis .   a - +2 whip (drain)
rCold    . . .     Gourm    .   (shield restricted)
rNeg     . . .     Faith    .   c - +0 robe
rPois    .         Spirit   .   b - +0 hat
rElec    .         Reflect  .   (no cloak)
rCorr    .         Harm     .   (no gloves)
MR       .....                  (no boots)
Stlth    ++........             (no amulet)
HPRegen  0.05/turn              (no ring)
MPRegen  0.09/turn              (no ring)

@: very slightly contaminated
A: small, mutation resistance 1
a: no special abilities


Innate Abilities, Weirdness & Mutations

You are small and have problems with some larger weapons.
You are somewhat resistant to further mutation.

Inventory:

Hand Weapons
 a - a +2 whip of draining (weapon)
Armour
 b - a +0 hat (worn)
 c - a +0 robe (worn)
Potions
 e - a potion of heal wounds {unknown}
 f - a potion of curing {unknown}
Comestibles
 d - a ration


   Skills:
 - Level 2.1 Dodging
 - Level 2.1 Stealth
 + Level 2.7 Spellcasting
 + Level 1.3 Conjurations
 - Level 0.7 Summonings
 - Level 1.1 Translocations


You had one spell level left.
You knew the following spells:

 Your Spells              Type           Power        Failure   Level  Hunger
a - Magic Dart            Conj           #...         11%         1    #......
b - Call Imp              Summ           #.......     22%         2    ##.....
k - Blink                 Tloc           N/A          19%         2    ##.....


You were on level 1 of the Dungeon.
You were not hungry.

You visited 1 branch of the dungeon, and saw 1 of its levels.

You collected 3 gold pieces.

..####...........
#
....#.#...###..#
.. #........##.##
#. #.......###.#
..####
#....#......#
...#
#.#.##.######
#.###.###.####.#
#.........# #+#
#####@##### ##l#
##..# ##...####
#...§...+
##....###
##.....## #.# #
#....5..# .....
.. ##...†.##
##.#.# #.

Notes
Turn   | Place    | Note
-------+----------+-------------------------------------------
     0 | D:1      | ololoev the Halfling Wizard began the quest for the Orb.
     0 | D:1      | Reached XP level 1. HP: 11/11 MP: 3/3
    84 | D:1      | Reached skill level 1 in Conjurations
   454 | D:1      | Reached XP level 2. HP: 17/17 MP: 2/5
   489 | D:1      | Learned a level 2 spell: Call Imp
   492 | D:1      | Learned a level 2 spell: Blink
   576 | D:1      | Slain by a leopard gecko

Dungeon Overview and Level Annotations

Branches:
Dungeon (1/15)

Altars:


Message History

The goblin barely misses you.
Press: ? - help, v - describe, . - travel
Here: a goblin, wielding a dagger The floor.
Wield which item (- for none, * to show all)? (? for menu, Esc to quit)
You sense an unholy aura.
c - a +2 whip of draining (weapon)
You hit the goblin.
The goblin is heavily wounded.
The goblin hits you but does no damage. The goblin hits you with a dagger.
You hit the goblin.
You kill the goblin!
You closely miss the goblin.
The goblin is moderately wounded.
The goblin closely misses you.
You hit the goblin.
You kill the goblin!
The leopard gecko barely misses you.
You barely miss the leopard gecko. The leopard gecko bites you.
You closely miss the leopard gecko. The leopard gecko bites you.
You closely miss the leopard gecko. The leopard gecko closely misses you.
The leopard gecko bites you.
You barely miss the leopard gecko. The leopard gecko barely misses you.
You swap places.
Your crimson imp closely misses the leopard gecko.
The leopard gecko bites your crimson imp but does no damage.
Casting: Call Imp (safe; 22% risk of failure)
Confirm with . or Enter, or press ? or * to list all spells.
A beastly little devil appears in a puff of flame.
The leopard gecko barely misses your crimson imp.
Your crimson imp hits the leopard gecko.
Drop what? 7/52 slots (_ for help) (? for menu, Esc to quit)
You drop a +0 club.
Your crimson imp disappears in a puff of smoke!
The leopard gecko bites you.
Adjust to which letter? (? for menu, Esc to quit)
a - a +2 whip of draining (weapon);
c - a +0 robe (worn)
You swap places.
The leopard gecko closely misses your crimson imp.
Your crimson imp closely misses the leopard gecko.
The leopard gecko bites your crimson imp.
Your crimson imp closely misses the leopard gecko.
The leopard gecko misses your crimson imp.
Your crimson imp barely misses the leopard gecko.
The leopard gecko misses your crimson imp.
Your crimson imp blinks!
Your crimson imp blinks!
Your crimson imp closely misses the leopard gecko.
The leopard gecko bites your crimson imp.
Your crimson imp hits the leopard gecko but does no damage.
The leopard gecko closely misses your crimson imp.
What are your orders? t - Shout!
Orders for allies: a - Attack new target. r - Retreat! s - Stop attacking. g - Guard the area. f - Follow me.
Anything else - Cancel.
Gang up on whom?
Press: ? - help, Dir - move target cursor, f - leopard gecko
Aim: a leopard gecko (heavily wounded) Attack!
Your crimson imp closely misses the leopard gecko.
The leopard gecko barely misses your crimson imp.
Your crimson imp blinks!
Casting: Call Imp (safe; 22% risk of failure)
Confirm with . or Enter, or press ? or * to list all spells.
Aiming: Magic Dart (safe; 11% risk of failure)
Press: ? - help, Shift-Dir - straight line, f/p - leopard gecko
Aim: a leopard gecko (translocational energy, heavily wounded)
You miscast Magic Dart.
You are very lightly contaminated with residual magic.
Strange energies run through your body.
You closely miss the leopard gecko.
The leopard gecko is heavily wounded.
The leopard gecko bites you.
You completely miss the leopard gecko.
The leopard gecko is heavily wounded.
Your crimson imp blinks!
The leopard gecko bites you.
You die...

You could see a leopard gecko and a friendly crimson imp.

Vanquished Creatures
  2 ball pythons (D:1)
  A giant cockroach (D:1)
  3 goblins (D:1)
  A bat (D:1)
  A kobold (D:1)
  A rat (D:1)
9 creatures vanquished.

Vanquished Creatures (collateral kills)
  A leopard gecko (D:1)
1 creature vanquished.

Grand Total: 10 creatures vanquished

Action                   || total
-------------------------++-------
Melee: Unarmed           ||     8
       Club              ||     8
       Whip              ||    10
 Cast: Magic Dart        ||    17
       Call Imp          ||     3
Armor: Robe              ||     5
Dodge: Dodged            ||    33

Vault maps used:
D:1:      dpeg_arrival_shelter, eino_curves_03, st_stairs_12
